General information
			
			
        
        - name: BNet
 
        - type: Ladder 1vs1/FFA
 
        - host: Battle.net
 
        - saver: Blahsmack
 
        
map: TerenasStand 
        - players: 2
 
        - length: 12:21
 
        - speed: Fast
 - version: 1.22 W3XP
 - replay type:  Public
 
» download(32 KB)
Players
        team 1 (loser) 
              
              
Zargor (
teal | 43 APM | 528 actions | 12:19)
              
 2 Warden 
 1 Fan of Knives
 1 Blink
 
                » actions 
                
                | Basic commands | 12 |  | 
| Build / train | 32 |  | 
| Enter build submenu | 19 |  | 
| Enter hero's abilities submenu | 2 |  | 
| Right click | 224 |  | 
| Select / deselect | 173 |  | 
| Use ability | 66 |  | 
                528 total
 » units 
                » buildings
                
                | Altar of Elders | 2 |  | 
| Moon Well | 3 |  | 
| Ancient of Wonders | 5 |  | 
| Hunter's Hall | 1 |  | 
| Ancient Protector | 3 |  | 
| Tree of Ages | 1 |  | 
                15 total
 » build order
                00:07 Altar of Elders
00:20 Moon Well
00:56 Ancient of Wonders
01:10 Ancient of Wonders
01:16 Ancient of Wonders
01:33 Ancient of Wonders
03:22 Moon Well
03:25 Hunter's Hall
03:36 Ancient of Wonders
03:57 Moon Well
04:42 Ancient Protector
07:32 Tree of Ages
09:14 Ancient Protector
10:49 Ancient Protector
11:13 Altar of Elders
 
               team 2 (winner) 
              
              
Blahsmack (
blue | 47 APM | 577 actions | 12:21)
              
 2 Blood Mage 
 1 Flame Strike
 1 Siphon Mana
 
                » actions 
                
                | Basic commands | 16 |  | 
| Build / train | 71 |  | 
| Enter build submenu | 29 |  | 
| Enter hero's abilities submenu | 2 |  | 
| Remove unit from queue | 2 |  | 
| Right click | 190 |  | 
| Select / deselect | 206 |  | 
| Use ability | 61 |  | 
                577 total
 » units 
                » upgrades
                » buildings
                
                | Lumber Mill | 3 |  | 
| Scout Tower | 23 |  | 
| Guard Tower | 27 |  | 
| Farm | 2 |  | 
| Arcane Tower | 1 |  | 
| Altar of Kings | 1 |  | 
                57 total
 » build order
                00:24 Lumber Mill
00:57 Scout Tower
00:59 Scout Tower
01:02 Scout Tower
01:05 Scout Tower
01:23 Guard Tower
01:24 Guard Tower
01:34 Guard Tower
01:34 Guard Tower
01:43 Guard Tower
01:44 Guard Tower
02:12 Scout Tower
02:16 Scout Tower
03:52 Scout Tower
03:54 Scout Tower
03:57 Scout Tower
04:05 Farm
04:07 Farm
04:11 Scout Tower
04:19 Lumber Mill
04:23 Guard Tower
04:23 Guard Tower
05:02 Guard Tower
05:02 Guard Tower
05:22 Guard Tower
06:01 Arcane Tower
06:27 Altar of Kings
06:49 Scout Tower
06:51 Scout Tower
07:06 Scout Tower
07:52 Guard Tower
09:05 Scout Tower
09:07 Scout Tower
10:05 Scout Tower
10:07 Scout Tower
10:09 Scout Tower
10:11 Scout Tower
10:14 Scout Tower
10:20 Guard Tower
10:23 Scout Tower
10:26 Scout Tower
10:31 Scout Tower
10:35 Guard Tower
10:41 Guard Tower
10:41 Guard Tower
11:05 Guard Tower
11:06 Guard Tower
11:18 Lumber Mill
11:27 Guard Tower
11:40 Guard Tower
11:41 Guard Tower
 
                Chat log
          
(12:16 / All) Zargor: gg tower fag